Map: Catalyst LE

Players

Bombs

  • Race: Terran Terran
  • Spawn Location: 5:00

A.I. 2 (Elite) - Winner!

  • Race: Protoss Protoss
  • Spawn Location: 11:00

VOD

Have the link to the VOD?

Description

14 > Supply
15 > Gas
16 > Barracks
100% Barracks > Reaper, Orbital, Expand, Factory, Reactor, Supply, Bunker
100% Factory > Swap > 4 Hellions, Tech on Barracks
3/4 Hellion > 2nd Gas
100% 4 Hellions > Attack (Arive enemy base at 4:00)
As your moving out build + 2 Barracks, Reactor on Factory
After the attack > Engbay, Reactor on Factory and Starport
12 Scv at natural > 3rd Gas

Once you fully saturate 2 bases NO MORE MULES and NO MORE SCVS
After 5/6 Medvac > 3rd Base

50% +1 Armor on Engbay > Eng Bay + Armory

Once Third base Finishes > Resume Scv Production, +2 Barracks (Tech labs just), 4th Gas

16 Scv at Third Base > Starport + 2 Gases

Details: Always scan before engaging or dropping
After 8-10 medvacs just Liberators
If you lose all Medvacs replace with +4 Medvacs just
If your not attacking, always maintain map control
Vs Colossus/Adepts/Chargelots always put Marauders on the Front before engaging
Always Kite vs Colossus/Chargelots
Only Fight Colossus if the army around it is small, wait until you have enough liberators

Time

  • Played on: April 21, 2018, 1:11 p.m.
  • Length: 10:50
Show
View Real Time Build Order
Export as new Build Order

Bombs Terran 

Build Orders: Reaper Expand, MMM Bio 

Get SALT Encoding   

  12  0:02  SCV  
  14  0:14  SCV  
  14  0:19  Supply Depot  
  14  0:26  SCV  
  15  0:30  Refinery  
  15  0:40  SCV  
  16  0:45  Barracks  
  16  0:52  SCV  
  17  1:04  SCV  
  18  1:16  SCV  
  19  1:32  Reaper  
  19  1:33  Orbital Command  
  20  1:48  Command Center  
  20  2:00  Factory  
  20  2:03  SCV  
  20  2:08  Barracks Reactor  
  21  2:17  Supply Depot  
  21  2:18  SCV  
  22  2:25  Bunker  
  22  2:31  SCV  
  23  2:44  SCV  
  24  2:52  Barracks Tech Lab  
  24  2:53  Hellion  
  24  2:54  Hellion  
  24  2:56  SCV  
  29  3:00  Orbital Command  
  29  3:08  SCV  
  29  3:11  Marine  
  29  3:12  Stimpack  
  31  3:15  Hellion  
  31  3:16  Hellion  
  35  3:20  SCV  
  35  3:24  Refinery  
  36  3:28  SCV  
  36  3:30  Supply Depot  
  36  3:31  Marine  
  38  3:34  SCV  
  38  3:40  SCV  
  40  3:46  SCV  
  41  3:50  Marine  
  41  3:51  Factory Reactor  
  41  3:52  SCV  
  43  3:57  Barracks  
  43  3:59  SCV  
  44  4:04  SCV, Barracks  
  45  4:11  SCV  
  45  4:13  Marine  
  45  4:17  SCV  
  46  4:23  SCV  
  45  4:29  SCV, Engineering Bay  
  45  4:31  Marine  
  44  4:35  SCV  
  46  4:41  SCV  
  46  4:44  Refinery  
  46  4:45  Factory Reactor  
  44  4:47  Marine x2  
  44  4:49  SCV, Marine  
  44  4:50  Starport  
  48  4:53  SCV, Supply Depot  
  48  4:56  Terran Infantry Weapons Level 1  
  48  4:57  Supply Depot  
  49  5:01  SCV  
  49  5:02  Missile Turret  
  49  5:03  Marine x2  
  49  5:05  SCV  
  53  5:07  Marine  
  54  5:14  Marine  
  54  5:15  SCV  
  54  5:16  Combat Shields  
  54  5:20  Supply Depot x2  
  57  5:21  Marine x2  
  57  5:24  Marauder  
  57  5:25  SCV, Marine  
  62  5:30  SCV  
  62  5:32  Factory Reactor  
  62  5:33  Medivac  
  62  5:34  Medivac  
  62  5:35  Marine  
  68  5:38  SCV  
  68  5:41  Marine  
  68  5:42  Marine  
  71  5:47  Marine  
  71  5:48  Marauder  
  74  5:50  Supply Depot  
  74  5:54  Supply Depot  
  74  5:56  Marine  
  75  5:59  Marine x2  
  77  6:05  Marine  
  77  6:06  Medivac x2  
  77  6:09  Widow Mine x2  
  86  6:12  Marauder  
  86  6:14  Supply Depot  
  86  6:17  Supply Depot  
  89  6:18  Marine  
  89  6:19  Marine  
  89  6:24  Marine x2  
  92  6:34  Marauder  
  92  6:35  Concussive Shells  
  94  6:45  Marine x4  
  102  6:47  Medivac x2, Widow Mine x2  
  102  6:50  Supply Depot x2  
  106  6:58  Terran Infantry Armor Level 1  
  108  7:01  Marauder  
  108  7:06  Command Center  
  108  7:11  Marine  
  108  7:12  Marine x3  
  108  7:14  Widow Mine x2  
  116  7:16  Supply Depot  
  116  7:31  Marauder, Marine x3  
  116  7:33  Marine  
  121  7:46  Medivac x2  
  125  8:02  Marauder, Marine x4  
  131  8:09  Supply Depot  
  131  8:10  Supply Depot  
  129  8:13  Armory, Engineering Bay  
  129  8:16  Refinery  
  129  8:18  Orbital Command  
  129  8:19  SCV x2  
  131  8:21  Marine x4  
  135  8:29  Barracks  
  135  8:31  Marauder, SCV x2, Barracks  
  139  8:39  Marine  
  139  8:40  Marine x3  
  143  8:43  SCV  
  143  8:44  SCV  
  145  8:55  SCV  
  145  9:01  Marine x3  
  145  9:02  Marauder  
  149  9:13  SCV x2  
  151  9:17  Barracks Tech Lab  
  151  9:22  SCV  
  151  9:23  Barracks Tech Lab  
  152  9:25  SCV  
  153  9:34  Refinery x2  
  153  9:35  Starport, Factory Reactor  
  153  9:38  SCV, Supply Depot  
  154  9:39  Supply Depot  
  154  9:46  SCV x2  
  154  9:50  SCV, Marine x2  
  154  9:51  Marauder x3  
  165  9:58  SCV  
  166  10:02  SCV  
  167  10:07  Command Center  
  167  10:08  Marine x4  
  167  10:12  Marauder x2  
  187  10:29  Supply Depot  
  187  10:30  Supply Depot  
Show
View Real Time Build Order
Export as new Build Order

A.I. 2 (Elite) Protoss - Winner!

Build Orders: 1 Gate Expand 

Get SALT Encoding   

  12  0:00  Probe  
  13  0:13  Probe  
  14  0:20  Pylon  
  14  0:25  Probe  
  15  0:35  Probe  
  16  0:43  Probe  
  17  0:50  Gateway  
  17  0:51  Probe  
  18  0:59  Probe  
  19  1:18  Nexus  
  19  1:19  Probe  
  20  1:31  Probe  
  21  1:40  Zealot  
  21  1:42  Pylon  
  23  1:47  Cybernetics Core  
  23  1:50  Assimilator  
  23  1:56  Probe  
  24  2:04  Probe  
  24  2:14  Probe  
  26  2:23  Pylon  
  26  2:26  Probe x2, Warp Gate  
  28  2:35  Gateway  
  28  2:36  Probe  
  28  2:38  Probe  
  29  2:44  Assimilator  
  29  2:50  Probe  
  30  2:54  Stalker  
  30  2:58  Pylon  
  32  2:59  Probe x2  
  34  3:07  Probe  
  34  3:11  Probe  
  36  3:21  Adept  
  36  3:24  Adept  
  40  3:27  Probe  
  40  3:29  Probe  
  40  3:31  Robotics Facility  
  42  3:39  Probe  
  43  3:41  Probe  
  43  3:45  Adept  
  44  3:51  Probe, Adept  
  44  3:54  Probe  
  50  4:03  Probe  
  50  4:05  Adept  
  50  4:06  Probe  
  50  4:15  Adept, Probe  
  46  4:18  Probe  
  44  4:27  Probe  
  44  4:30  Probe  
  42  4:40  Probe  
  42  4:42  Probe  
  44  4:52  Probe  
  45  4:54  Probe  
  46  5:01  Probe  
  46  5:06  Probe  
  48  5:09  Probe  
  48  5:12  Robotics Bay  
  49  5:16  Pylon  
  49  5:18  Probe x2  
  50  5:22  Observer  
  52  5:28  Probe  
  52  5:30  Probe, Robotics Facility  
  54  5:37  Probe  
  54  5:40  Pylon  
  54  5:41  Stalker  
  57  5:42  Probe  
  57  5:45  Probe  
  59  5:53  Twilight Council  
  59  5:55  Probe  
  59  5:56  Probe  
  60  5:57  Zealot  
  60  6:03  Assimilator  
  63  6:07  Probe, Assimilator  
  63  6:08  Probe  
  65  6:15  Gateway  
  65  6:19  Probe  
  65  6:21  Probe  
  65  6:25  Pylon  
  67  6:31  Probe, Dark Shrine  
  68  6:33  Probe  
  69  6:41  Stalker  
  69  6:43  Probe, Zealot  
  69  6:45  Probe  
  75  6:48  Pylon  
  75  6:55  Probe  
  75  6:56  Zealot, Forge  
  75  6:57  Probe  
  79  7:03  Stalker, Forge  
  79  7:06  Nexus  
  81  7:10  Sentry  
  83  7:18  Pylon, Probe  
  83  7:20  Probe  
  69  7:30  Probe  
  59  7:37  Pylon  
  59  7:43  Adept  
  53  7:44  Pylon  
  53  7:48  Pylon  
  45  7:51  Dark Shrine  
  45  7:55  Zealot  
  47  7:59  Adept  
  46  8:15  Adept  
  46  8:16  Sentry  
  46  8:18  Pylon  
  50  8:24  Probe  
  50  8:25  Probe  
  52  8:28  Adept  
  52  8:29  Probe  
  52  8:33  Observer, Stalker  
  57  8:36  Probe  
  57  8:38  Probe  
  61  8:46  Sentry  
  61  8:48  Pylon, Probe  
  53  8:53  Stalker  
  54  8:56  Probe  
  47  9:05  Pylon  
  47  9:06  Dark Templar  
  41  9:12  Zealot  
  43  9:17  Dark Templar  
  43  9:19  Nexus  
  45  9:31  Sentry  
  45  9:32  Adept  
  45  9:33  Pylon  
  45  9:37  Archon  
  49  9:49  Dark Templar  
  49  9:51  Stalker  
  49  9:52  Dark Templar  
  55  10:00  Probe  
  55  10:02  Probe  
  57  10:08  Archon  
  57  10:11  Probe  
  57  10:14  Probe, Dark Templar, Sentry  
  59  10:19  Probe  
  63  10:21  Zealot  
  63  10:26  Probe  
  63  10:27  Probe  
  67  10:31  Probe  
  67  10:35  Stalker  
  71  10:38  Probe  
  71  10:41  Adept  
  75  10:47  Stalker  
Tags
 
Add a new tag
Caveats
  • Supply blocks, unpowered buildings, or Contaminate may cause inaccurate times.
  • Supply counts are checked every 10 seconds.